 Dungeon Crawl Stone Soup version 0.31-a0-202-g547052bce9 (webtiles) character file.

Game seed: 12385540085484095544

94 qw the Shooter (level 4, -4/25 HPs)
             Began as a Deep Elf Hunter on June 26, 2023.
             Slain by Sigmund
             ... wielding a +0 scythe
              (7 damage)
             ... on level 3 of the Dungeon.
             The game lasted 00:00:40 (1836 turns).

qw the Shooter (Deep Elf Hunter)                    Turns: 1836, Time: 00:00:40

Health: -4/25      AC:  3    Str: 10    XL:     4   Next: 38%
Magic:  6/6        EV: 12    Int: 14    God:
Gold:   118        SH:  0    Dex: 18    Spells: 3/3 levels left

rFire   . . .        Y - +0 shortbow
rCold   . . .        (shield currently unavailable)
rNeg    . . .        c - +0 leather armour
rPois   .            (no helmet)
rElec   .            (no cloak)
rCorr   .            (no gloves)
SInv    .            (no boots)
Will    .....        (no amulet)
Stlth   ++           (no ring)
HPRegen 0.24/turn    (no ring)
MPRegen 0.10/turn

%: no passive effects
@: no status effects
A: no striking features
a: no special abilities


You were on level 3 of the Dungeon.
You visited 1 branch of the dungeon, and saw 3 of its levels.

You collected 118 gold pieces.


   Skills:
 - Level 1.5 Fighting
 + Level 7.8 Ranged Weapons
 - Level 2.4 Dodging
 - Level 1.2 Stealth


You had 3 spell levels left.
You didn't know any spells.
Your spell library was empty.

Inventory:

Hand Weapons
 Y - a +0 shortbow (weapon)
Armour
 c - a +0 leather armour (worn)
 e - a +0 ring mail
 h - a scarf of harm
Scrolls
 b - a scroll of enchant armour
 f - a scroll of identify
Potions
 a - 2 potions of attraction {unknown}
 d - a potion of haste {unknown}
 g - a potion of curing {unknown}

Dungeon Overview and Level Annotations

Branches:
Dungeon (3/15)

Altars:

Shops:
D:1 ?[((

Annotations:
D:3 Sigmund


Message History

You shoot an arrow. The arrow hits Sigmund.
Sigmund is lightly wounded.
You shoot an arrow. The arrow closely misses Sigmund.
You shoot an arrow. The arrow hits Sigmund!
Sigmund is moderately wounded.
You shoot an arrow. The arrow closely misses Sigmund.
Sigmund barely misses you.
You shoot an arrow. The arrow hits Sigmund.
Sigmund is heavily wounded.
Sigmund hits you from afar with a +0 scythe!
You shoot an arrow. The arrow hits Sigmund.
Sigmund is severely wounded.
You shoot an arrow. The arrow barely misses Sigmund.
Sigmund hits you from afar with a +0 scythe.
You shoot an arrow. The arrow barely misses Sigmund.
Sigmund points at you and mumbles some strange words.
The magic dart hits you.
Enter note:
Enter note:
Enter note:
Enter note:
Enter note:
Enter note:
1830 ||| UPGRADING to +0 ring mail.
Sigmund hits you but does no damage.
You stop removing your armour.
1831 ||| UPGRADING to +0 ring mail.
You start removing your armour.
You continue taking off your +0 leather armour.
Sigmund hits you from afar with a +0 scythe.
You stop removing your armour.
1833 ||| UPGRADING to +0 ring mail.
Sigmund closely misses you.
You start removing your armour.
You continue taking off your +0 leather armour. x2
Sigmund hits you from afar with a +0 scythe.
You stop removing your armour.
1836 ||| UPGRADING to +0 ring mail.
Sigmund hits you from afar with a +0 scythe!
You stop removing your armour.
You die...

#####..#.#
#..#.# #.#
...#.# ...
####.# #.#
#.# #.# #.#
#.# #.# #@#
#.#######.#
#........@#
###########


You could see Sigmund.

Vanquished Creatures
  5 adders
  5 ball pythons
  6 bats
  3 endoplasms (D:2)
  3 giant cockroaches
  2 goblins (D:1)
  4 hobgoblins
  4 jackals (D:1)
  7 kobolds
  2 quokkas
  2 frilled lizards
  4 rats
47 creatures vanquished.

Notes
Turn   | Place    | Note
-------+----------+-------------------------------------------
     0 | D:1      | qw the Deep Elf Hunter began the quest for the Orb.
     0 | D:1      | Reached XP level 1. HP: 12/12 MP: 3/3
     0 | D:1      | 0 ||| qw: Version: 0.3-a-22-g0ed2b0b
     0 | D:1      | 0 ||| qw: Game counter: 6120
     0 | D:1      | 0 ||| qw: Melee chars always use a shield: true
     0 | D:1      | 0 ||| qw: God list: Okawaru
     0 | D:1      | 0 ||| qw: Allow faded altars: false
     0 | D:1      | 0 ||| qw: Do Orc after clearing Dungeon:15 true
     0 | D:1      | 0 ||| qw: Do second Lair branch before Depths: true
     0 | D:1      | 0 ||| qw: Lair rune preference: random
     0 | D:1      | 0 ||| qw: Goals: Normal
     0 | D:1      | 0 ||| PLANNING D:1-11
    69 | D:1      | Found Sukenog's Weapon Boutique.
    76 | D:1      | Found Tittumpo's Antique Weapon Emporium.
    91 | D:1      | 91 ||| READING scroll labelled JELEBRELOZ.
   115 | D:1      | Reached skill level 6 in Ranged Weapons
   115 | D:1      | Reached XP level 2. HP: 16/16 MP: 4/4
   188 | D:1      | Found Inygos's Magic Scroll Boutique.
   196 | D:1      | 196 ||| SHOPLISTING scroll of enchant weapon (97 gold, have
                  | 0).
   196 | D:1      | 196 ||| SHOPLISTING scroll of identify (26 gold, have 0).
   257 | D:1      | Found Pesuso's Armour Boutique.
   267 | D:1      | 267 ||| SHOPLISTING +4 ring mail of poison resistance (364
                  | gold, have 0).
   547 | D:1      | 547 ||| READING scroll labelled CAICUX SILAODGH.
   548 | D:1      | 548 ||| READING scroll labelled KEPUFI MUTUAC.
   549 | D:1      | 549 ||| READING scroll labelled BUCUN ZAURE.
   650 | D:1      | 650 ||| READING scroll labelled CAH XABUUSM.
   651 | D:1      | 651 ||| DROPPING scroll of butterflies.
   694 | D:2      | Reached XP level 3. HP: 20/20 MP: 5/5
   864 | D:2      | Reached skill level 7 in Ranged Weapons
  1346 | D:2      | Reached XP level 4. HP: 25/25 MP: 6/6
  1372 | D:2      | Found a faded altar of an unknown god.
  1513 | D:2      | 1513 ||| READING scroll labelled TOAHEL PIUMPYT.
  1699 | D:3      | HP: 6/25 [poisoned by an adder]
  1819 | D:3      | Noticed Sigmund
  1830 | D:3      | 1830 ||| UPGRADING to +0 ring mail.
  1831 | D:3      | 1831 ||| UPGRADING to +0 ring mail.
  1832 | D:3      | HP: 6/25 [Sigmund/+0 scythe (6)]
  1833 | D:3      | 1833 ||| UPGRADING to +0 ring mail.
  1836 | D:3      | 1836 ||| UPGRADING to +0 ring mail.
  1836 | D:3      | Slain by Sigmund

Levels and vault maps discovered:
D:1:      saegor_arrival_simple_a, layout_basic, serial_shops, shop,
          nicolae_shop_overgrown_old_shop, nicolae_shop_statue_plus, shop,
          minivault_11
D:2:      layout_basic, shapermc_ecumenical_altar_mp_vishouse
D:3:      layout_basic, uniq_sigmund

Skill      XL: |  1  2  3 |
---------------+----------+-----
Ranged Weapons | 6 7 |  7.8
Fighting       | |  1.5
Dodging        | |  2.4
Stealth        | |  1.2

Action                     |  1- 3 |  4- 6 || total
---------------------------+-------+-------++-------
   Fire: Shortbow          |   110 |    28 ||   138
    Use: Scroll            |     5 |     1 ||     6
 Armour: Leather armour    |     9 |     2 ||    11
  Dodge: Dodged            |    25 |     5 ||    30

Table legend:
 A = Non-vault XP
 B = Vault XP
 C = Vault XP percentage of total XP
 D = Non-vault monster count
 E = Vault monster count
 F = Vault count percentage of total count
                 A         B        C        D         E       F
            +---------+---------+-------+---------+---------+-------
      Total |     135 |       0 |   0.0 |      47 |       0 |   0.0
            +---------+---------+-------+---------+---------+-------
        D:1 |      38 |       0 |   0.0 |      23 |       0 |   0.0
        D:2 |      66 |       0 |   0.0 |      19 |       0 |   0.0
        D:3 |      31 |       0 |   0.0 |       5 |       0 |   0.0
            +---------+---------+-------+---------+---------+-------
